 Dungeon Crawl Stone Soup version 0.28.0-53-g5a82cb258f (webtiles) character file.

Game seed: 1057159532598490868

464 hawla the Magician (level 6, -5/33 HPs)
             Began as a Deep Elf Fire Elementalist on June 12, 2022.
             Slain by Duvessa
             ... wielding a +0 short sword
              (9 damage)
             ... on level 4 of the Dungeon.
             The game lasted 00:08:56 (4442 turns).

hawla the Magician (Deep Elf Fire Elementalist)     Turns: 4442, Time: 00:08:57

Health: -5/33      AC:  4    Str:  7    XL:     6   Next: 80%
Magic:  8/17       EV: 13    Int: 20    God:
Gold:   119        SH:  0    Dex: 15    Spells: 10/17 levels left

rFire   . . .      SeeInvis .   k - +0 short sword (venom)
rCold   . . .      Faith    .   (no shield)
rNeg    . . .      Spirit   .   a - +0 robe
rPois   .          Reflect  .   n - +0 helmet
rElec   .          Harm     .   (no cloak)
rCorr   .          Rampage  .   (no gloves)
Will    .....                   e - +0 pair of boots
Stlth   ++........              (no amulet)
HPRegen 0.11/turn               (no ring)
MPRegen 0.15/turn               (no ring)

@: no status effects
A: no striking features
a: no special abilities


You were on level 4 of the Dungeon.
You visited 2 branches of the dungeon, and saw 5 of its levels.

You collected 119 gold pieces.

Inventory:

Hand Weapons
 k - a +0 short sword of venom (weapon)
Missiles
 j - 9 poisoned darts (quivered)
Armour
 a - a +0 robe (worn)
 e - a +0 pair of boots (worn)
 n - a +0 helmet (worn)
Scrolls
 h - 2 scrolls of holy word
 m - a scroll of identify {unknown}
 o - a scroll of blinking {unknown}
 q - a scroll of teleportation {unknown}
Potions
 b - 2 potions of curing
 c - 2 potions of degeneration {unknown}
 d - a potion of attraction {unknown}
 f - 3 potions of berserk rage {unknown}
 g - a potion of heal wounds {unknown}
 i - 2 potions of resistance {unknown}
 p - a potion of mutation {unknown}


   Skills:
 + Level 0.4 Fighting
 - Level 0.1 Short Blades
 + Level 2.8 Dodging
 - Level 2.9 Stealth
 - Level 6.1 Spellcasting
 * Level 3.3 Conjurations
 * Level 5.8 Fire Magic


You had 10 spell levels left.
You knew the following spells:

 Your Spells              Type           Power      Damage    Failure   Level
a - Foxfire               Conj/Fire      96%        2x1d8     1%          1
b - Scorch                Fire           58%        2d8       1%          2
c - Flame Wave            Conj/Fire      24%        2d7       16%         4

Your spell library contained the following spells:

 Spells                   Type           Power      Damage    Failure   Level
 Conjure Flame            Conj/Fire      24%        6-21      4%          3
 Inner Flame              Hex/Fire       17%        N/A       10%         3
 Slow                     Hex            24%        N/A       11%         1
 Confusing Touch          Hex            6%         N/A       30%         3
 Gell's Gravitas          Tloc           6%         N/A       30%         3
 Portal Projectile        Hex/Tloc       12%        N/A       30%         3
 Teleport Other           Tloc           6%         N/A       30%         3
 Vampiric Draining        Necr           6%         2d6       30%         3
 Blade Hands              Tmut           3%         N/A       96%         5
 Excruciating Wounds      Necr           3%         N/A       96%         5
 Dispersal                Tloc           3%         N/A       100%        6


Dungeon Overview and Level Annotations

Branches:
Dungeon (4/15)             Temple (1/1) D:4

Altars:
Ashenzari
Dithmenos
Elyvilon
Gozag
Hepliaklqana
Kikubaaqudgha
Makhleb
Nemelex Xobeh
Okawaru
Qazlal
Ru
Sif Muna
Trog
Uskayaw
Xom
Yredelemnul
Zin
The Shining One

Shops:
D:3 (

Annotations:
D:4 Duvessa


Message History

Duvessa rages.
The foxfire hits Duvessa.
Duvessa completely resists.
Casting: Foxfire (safe; 1% risk of failure)
Confirm with . or Enter, or press ? or * to list all spells.
Flames lash Duvessa.
Duvessa resists.
Duvessa is lightly wounded.
Duvessa's fire resistance burns away.
The foxfire hits Duvessa but does no damage.
Duvessa is lightly wounded.
The foxfire hits Duvessa.
Duvessa is lightly wounded.
The foxfire hits Duvessa but does no damage.
Duvessa is lightly wounded.
Casting: Scorch (safe; 1% risk of failure)
Confirm with . or Enter, or press ? or * to list all spells.
Flames lash Duvessa.
Duvessa is moderately wounded.
Duvessa hits you with a +0 short sword! Duvessa barely misses you.
Casting: Scorch (safe; 1% risk of failure)
Confirm with . or Enter, or press ? or * to list all spells.
Flames lash Duvessa.
Duvessa is moderately wounded.
Duvessa closely misses you.
Casting: Scorch (safe; 1% risk of failure)
Confirm with . or Enter, or press ? or * to list all spells.
Flames lash Duvessa.
Duvessa is moderately wounded.
Duvessa hits you with a +0 short sword. Duvessa barely misses you.
Duvessa rages.
Duvessa hits you with a +0 short sword!
* * * LOW HITPOINT WARNING * * *
It was a potion of curing.
You feel better. Duvessa closely misses you.
Duvessa hits you with a +0 short sword!
* * * LOW HITPOINT WARNING * * *
As you read the scroll labelled YFAKIWIOXUF, it crumbles to dust.
Your body is wracked with pain!
* * * LOW HITPOINT WARNING * * *
Duvessa convulses!
It was a scroll of torment.
Duvessa hits you with a +0 short sword!
You die...

..#.#....#
.#.#.#..#######
#.#)#[#.#.....#
.#.>.#..#.....#
#.#.#.#.[.....#
.#.#.#..#.....#
..#.#.........##
...............#########
..##..#####.<.#e@.......
..#..........##.########
..# .#######.##.# ..# ##
#.##.# ..# #.##.# ..#
#.##.# ..# #.##.# #.#
#.##.#


You could see Duvessa (berserk, combustible).

Vanquished Creatures
  Grinder (D:3)
  An ice beast (D:3)
  Dowan (D:4)
  An orc priest (D:3)
  4 adders
  2 dart slugs
  8 orcs
  6 endoplasms
  7 giant cockroaches
  5 goblins
  3 hobgoblins
  10 kobolds
  6 quokkas
  4 ball pythons
  10 bats
  3 frilled lizards
  3 rats
75 creatures vanquished.

Vanquished Creatures (collateral kills)
  A foxfire (D:2)
1 creature vanquished.

Vanquished Creatures (others)
  144 foxfires
144 creatures vanquished.

Grand Total: 220 creatures vanquished

Notes
Turn   | Place    | Note
-------+----------+-------------------------------------------
     0 | D:1      | hawla the Deep Elf Fire Elementalist began the quest for
                  | the Orb.
     0 | D:1      | Reached XP level 1. HP: 10/10 MP: 6/6
    37 | D:1      | Found a faded altar of an unknown god.
    46 | D:1      | Got Plato's Collected Works on Malediction
   457 | D:1      | Reached XP level 2. HP: 15/15 MP: 4/8
   460 | D:1      | Learned a level 2 spell: Scorch
  1647 | D:2      | Reached XP level 3. HP: 19/19 MP: 7/10
  1744 | D:2      | You fall into a shaft and drop 1 floor!
  1774 | D:3      | Found Itelyits's Weapon Shoppe.
  1993 | D:3      | Noticed an ice beast
  2095 | D:3      | Reached skill level 4 in Spellcasting
  2217 | D:3      | Noticed Grinder
  2226 | D:3      | Killed Grinder
  2227 | D:3      | Reached skill level 5 in Spellcasting
  2227 | D:3      | Reached skill level 5 in Fire Magic
  2227 | D:3      | Reached XP level 4. HP: 12/24 MP: 4/13
  2227 | D:3      | Reached XP level 5. HP: 14/28 MP: 4/14
  2395 | D:3      | Killed an ice beast
  2396 | D:3      | Reached XP level 6. HP: 33/33 MP: 6/16
  2962 | D:2      | Reached skill level 6 in Spellcasting
  3385 | D:3      | Found an iron altar of Okawaru.
  3603 | D:3      | Learned a level 4 spell: Flame Wave
  4025 | D:4      | Found a staircase to the Ecumenical Temple.
  4035 | Temple   | Entered the Ecumenical Temple
  4262 | D:4      | Noticed Duvessa
  4381 | D:4      | Noticed Dowan
  4384 | D:4      | Killed Dowan
  4442 | D:4      | Slain by Duvessa

Illustrated notes

Levels and vault maps discovered:
D:1:      dpeg_arrival_concentric_ovals, layout_loops_corners,
          shapermc_ecumenical_altar_rom_forum
D:2:      layout_basic, chequers_big_river, minmay_nonomino_d4
D:3:      layout_loops_ring, okawaru_trees_1, gup_sewer_entry_pipe,
          serial_shops, nicolae_shop_temple_entry_statues_fountains,
          uniq_grinder
D:4:      layout_loops_ring, minmay_temple_entry_grid, uniq_duvessa
Temple:   minmay_crystal_spiral_temple

Skill      XL: |  1  2  3  4  5  6 |
---------------+-------------------+-----
Fire Magic     | 5 |  5.8
Spellcasting   | 5 6 |  6.1
Conjurations   | 2 3 |  3.3
Fighting       | |  0.4
Short Blades   | |  0.1
Dodging        | |  2.8
Stealth        | |  2.9

Action                   |  1- 3 |  4- 6 || total
-------------------------+-------+-------++-------
Melee: Unarmed           |    24 |       ||    24
       Short sword       |       |    22 ||    22
 Cast: Foxfire           |    57 |    29 ||    86
       Scorch            |    10 |    16 ||    26
       Flame Wave        |       |     2 ||     2
  Use: Scroll            |     1 |     1 ||     2
       Potion            |       |     1 ||     1
 Stab: Sleeping          |     1 |     1 ||     2
Armor: Robe              |    15 |     5 ||    20
Dodge: Dodged            |    29 |    22 ||    51
